 Dungeon Crawl Stone Soup version 0.26-a0-259-g1effd001a9 (webtiles) character file.

Game seed: 16085810164637885121

8570 mortelune the Carver (level 11, -4/89 HPs)
             Began as a Formicid Abyssal Knight on July 19, 2020.
             Was a Believer of Lugonu.
             Splashed by Erolcha's acid (14 damage)
             ... on level 9 of the Dungeon.
             The game lasted 00:29:53 (15243 turns).

mortelune the Carver (Formicid Abyssal Knight)     Turns: 15243, Time: 00:29:54

Health: -4/89      AC: 11    Str: 20    XL:     11   Next: 58%
Magic:  17/17      EV:  5    Int: 17    God:    Lugonu [**....]
Gold:   578        SH: 12    Dex: 11    Spells: 10/10 levels left

rFire    . . .     SeeInvis +   a - +1 falchion
rCold    . . .     Faith    .   A - +2 kite shield
rNeg     . . .     Spirit   .   w - +0 plate armour
rPois    .         Reflect  .   (helmet unavailable)
rElec    .         Harm     .   x - +0 cloak
rCorr    .                      (no gloves)
MR       +....                  e - +1 pair of boots
Stlth    ..........             (no amulet)
HPRegen  0.24/turn              l - +6 ring of intelligence
MPRegen  0.15/turn              (no ring)

@: mighty, corroded
A: permanent stasis, dig shafts and tunnels, four strong arms, antennae 3
a: Dig, Shaft Self, Depart the Abyss, Bend Space, Renounce Religion


You were on level 9 of the Dungeon.
You worshipped Lugonu.
Lugonu was pleased with you.
You were not hungry.

You visited 1 branch of the dungeon, and saw 9 of its levels.
You visited the Abyss 2 times.
You also visited: Ossuary and Bailey.

You collected 578 gold pieces.

Inventory:

Hand Weapons
 a - a +1 falchion (weapon)
 b - a +3 hunting sling of flaming
Missiles
 n - 3 javelins (quivered)
 u - 5 boomerangs
 Q - 118 stones
Armour
 e - a +1 pair of boots (worn)
 w - a +0 plate armour (worn)
 x - a +0 cloak (worn)
 A - a +2 kite shield (worn)
 C - a +1 chain mail of poison resistance
 J - a +1 chain mail of cold resistance
 L - the +0 leather armour "Xegguoh" {Int+4 Slay+2 Stlth+}
   (You found it on level 7 of the Dungeon)

   It affects your intelligence (+4).
   It affects your accuracy and damage with ranged weapons and melee attacks
   (+2).
   It makes you more stealthy.
Jewellery
 l - a +6 ring of intelligence (left hand)
Wands
 d - a wand of disintegration (14)
 D - a wand of digging (3)
 K - a wand of iceblast (11)
Scrolls
 f - a scroll of fog
 h - 2 scrolls of amnesia
 i - a scroll of identify
 k - 4 scrolls of enchant weapon
 r - a scroll of remove curse
 s - a scroll of immolation
 t - 2 scrolls of teleportation
 E - a scroll of magic mapping
Potions
 g - 2 potions of ambrosia
 j - a potion of flight {unknown}
 m - 2 potions of curing
 o - 5 potions of stabbing
 p - a potion of experience {unknown}
 q - 4 potions of might
 v - 5 potions of lignification {unknown}
 y - 2 potions of brilliance
 z - 2 potions of mutation
 B - a potion of degeneration {unknown}
 F - 4 potions of haste
 H - a potion of magic
 I - a potion of cancellation
Comestibles
 c - 13 rations


   Skills:
 + Level 9.3 Fighting
 * Level 11.3 Long Blades
 - Level 5.1 Armour
 - Level 0.8 Dodging
 + Level 7.3 Shields
 + Level 9.1 Invocations


You had 10 spell levels left.
You didn't know any spells.
Your spell library contained the following spells:

 Spells                   Type           Power        Failure   Level
 Corona                   Hex            #......      100%        1
 Freeze                   Ice            #...         100%        1
 Sandblast                Erth           #.....       100%        1
 Passwall                 Tmut/Erth      #.......     100%        2
 Slow                     Hex            #.......     100%        2
 Frozen Ramparts          Ice            #.....       100%        3
 Ignite Poison            Fire/Tmut/Pois #.......     100%        3
 Inner Flame              Hex/Fire       #.......     100%        3
 Ozocubu's Armour         Chrm/Ice       #.......     100%        3
 Portal Projectile        Hex/Tloc       #.....       100%        3
 Stone Arrow              Conj/Erth      #.....       100%        3
 Cause Fear               Hex            #.........   100%        4
 Hailstorm                Conj/Ice       #.......     100%        4
 Leda's Liquefaction      Hex/Erth       #.........   100%        4
 Petrify                  Tmut/Erth      #.......     100%        4
 Summon Ice Beast         Ice/Summ       #.......     100%        4
 Fireball                 Conj/Fire      #.........   100%        5
 Lee's Rapid Deconstruct  Erth           #.........   100%        5
 Starburst                Conj/Fire      #.........   100%        6
 Ring of Flames           Chrm/Fire      #.........   100%        7
 Ignition                 Fire           #.........   100%        8


Dungeon Overview and Level Annotations

Branches:
Dungeon (9/15)             Temple (0/1) D:7         Ossuary (visited)
 Bailey (visited)
   Lair: D:8-11         Orc: D:9-12

Altars:
Dithmenos
Okawaru
Zin

Shops:
D:5 (

Annotations:
D:5 1 runed translucent door, ConnectionFaild's ghost, amateur OpIE
D:9 Erolcha


Innate Abilities, Weirdness & Mutations

You cannot be hasted, slowed, berserked, paralysed or teleported.
You can dig through walls and to a lower floor.
Your four strong arms can wield two-handed weapons with a shield.
You have a pair of large antennae on your head. (SInv)


Message History

You closely miss Erolcha.
Erolcha is heavily wounded.
Erolcha tries to grin evilly.
Erolcha gestures at you while chanting. The stone arrow hits you.
You hit Erolcha but do no damage.
Erolcha is heavily wounded.
Your plate armour prevents you from hitting Erolcha.
Erolcha is heavily wounded.
Erolcha points at you and mumbles some strange words.
The stone arrow misses you.
You feel very mighty all of a sudden.
Erolcha zaps a wand.
The bolt of acid hits you!
* * * LOW HITPOINT WARNING * * *
You are splashed with acid!
* * * LOW HITPOINT WARNING * * *
You feel better.
Erolcha zaps a wand.
The bolt of acid hits you!
* * * LOW HITPOINT WARNING * * *
You are splashed with acid!
You die...

... ..............# ..
..............# .........
##.###.......[#
......≈≈≈#######..##...........
#.......≈≈≈≈≈≈.... #..#####....
#....[...≈. ≈≈≈≈## #..# .....
#........#####≈≈≈###..# { .....
#<.............≈......# ..
#...............@.....#
#...............O.....#
#................(....#
....##############....# ....#
(...# ....# ...?.. ....# #####
....# ....#


You could see Erolcha.

Vanquished Creatures
  Pikel (D:6)
  Sigmund (D:5)
  A sky beast (D:9)
  2 ice beasts (D:6)
  3 phantoms
  6 orc warriors
  A black bear (D:8)
  A necrophage (D:8)
  An ogre (D:4)
  A centaur (D:7)
  2 lemures (D:5)
  3 bullfrogs (D:6)
  2 big kobolds
  An elf skeleton (D:7)
  A water moccasin zombie (Ossuary)
  3 scorpions
  2 wights (D:8)
  4 howler monkeys
  A bullfrog zombie (D:7)
  5 hounds
  2 human zombies (D:7)
  2 quasits
  A bullfrog skeleton (D:6)
  3 jellies
  6 orc wizards
  4 orc priests
  Crazy Yiuf (D:6)
  A centaur skeleton (D:7)
  14 worker ants
  4 human skeletons (D:7)
  2 iguanas
  A killer bee zombie (D:8)
  4 big kobold zombies (Ossuary)
  2 hound skeletons
  2 hound zombies
  3 mummies
  A worker ant zombie (D:5)
  7 adders
  3 gnolls
  A white imp (D:8)
  An ufetubus (D:6)
  An adder skeleton (D:4)
  3 adder zombies
  3 worms
  4 dart slugs
  6 leopard geckos
  56 orcs
  3 giant cockroaches
  3 gnoll zombies (Ossuary)
  6 goblins
  4 hobgoblins
  7 jackals (D:6)
  14 kobolds
  3 quokkas
  3 ball pythons
  6 bats
  4 frilled lizards
  5 hobgoblin zombies (Ossuary)
  10 kobold zombies (Ossuary)
  An orc skeleton (D:7)
  8 orc zombies
  3 quokka zombies
  7 rats
267 creatures vanquished.

Vanquished Creatures (others)
  A two-headed ogre (D:9)
  7 orc knights (Bailey)
  3 orc warriors (Bailey)
  An orc (Bailey)
12 creatures vanquished.

Grand Total: 279 creatures vanquished

Notes
Turn   | Place    | Note
-------+----------+-------------------------------------------
     0 | Abyss:1  | mortelune the Formicid Abyssal Knight began the quest for
                  | the Orb.
     0 | Abyss:1  | Reached XP level 1. HP: 18/18 MP: 2/2
     0 | Abyss:1  | Found a corrupted altar of Lugonu.
    52 | Abyss:1  | Found a corrupted altar of Lugonu.
   124 | Abyss:1  | Noticed a worldbinder
   125 | D:1      | Escaped the Abyss
   464 | D:1      | Reached XP level 2. HP: 22/24 MP: 3/3
   662 | D:1      | Reached * piety under Lugonu
   822 | D:1      | Reached XP level 3. HP: 26/30 MP: 4/4
   947 | D:1      | Found an iron altar of Okawaru.
  1048 | D:2      | Reached skill level 3 in Long Blades
  1402 | D:2      | Reached XP level 4. HP: 37/37 MP: 5/5
  2136 | D:2      | Reached skill level 4 in Long Blades
  2136 | D:2      | Reached XP level 5. HP: 39/42 MP: 6/6
  2234 | D:2      | Found a glowing silver altar of Zin.
  2657 | D:3      | Reached ** piety under Lugonu
  3478 | D:4      | Reached XP level 6. HP: 49/49 MP: 7/7
  3544 | D:4      | Noticed an ogre
  3920 | D:4      | Reached skill level 5 in Long Blades
  4246 | D:4      | Found a shadowy altar of Dithmenos.
  4795 | D:4      | Reached XP level 7. HP: 42/55 MP: 9/9
  4971 | D:4      | Reached skill level 5 in Fighting
  5362 | D:5      | Entered Level 5 of the Dungeon
  5717 | D:5      | Found Neesel's Antique Weapon Shop.
  5773 | D:5      | Noticed Sigmund
  5784 | D:5      | Killed Sigmund
  5784 | D:5      | Reached skill level 6 in Long Blades
  5784 | D:5      | Reached XP level 8. HP: 55/63 MP: 10/10
  6835 | D:5      | Found a runed translucent door.
  6843 | D:5      | Noticed ConnectionFaild's ghost (amateur OpIE)
  7137 | D:6      | Found a shadowy altar of Dithmenos.
  7348 | D:6      | Reached skill level 7 in Long Blades
  7559 | D:6      | Reached skill level 5 in Armour
  7919 | D:6      | Reached skill level 5 in Invocations
  7919 | D:6      | Reached XP level 9. HP: 22/69 MP: 12/12
  8547 | D:6      | Reached skill level 1 in Shields
  8689 | D:6      | Found a runed translucent door.
  8690 | D:6      | Noticed Crazy Yiuf
  8709 | D:6      | Killed Crazy Yiuf
  9077 | D:6      | Noticed Pikel
  9118 | D:6      | Killed Pikel
  9118 | D:6      | Reached skill level 8 in Long Blades
  9496 | D:7      | Reached *** piety under Lugonu
  9684 | D:7      | Found a sand-covered staircase.
  9696 | Ossuary  | Entered an ossuary
 10230 | D:7      | Reached **** piety under Lugonu
 10522 | D:7      | Reached XP level 10. HP: 68/79 MP: 14/14
 10544 | D:7      | Reached skill level 9 in Long Blades
 10727 | D:7      | Found Bocexup's Weapon Emporium.
 10786 | D:7      | Got a diamond-encrusted leather armour
 10799 | D:7      | Identified the +0 leather armour "Xegguoh" {Int+4 Slay+2
                  | Stlth+} (You found it on level 7 of the Dungeon)
 11104 | D:7      | Found a staircase to the Ecumenical Temple.
 11517 | D:8      | Found a flagged portal.
 11531 | Bailey   | Entered a bailey
 12254 | Bailey   | Reached skill level 5 in Shields
 12952 | Bailey   | Noticed an orc knight
 12952 | Bailey   | Noticed an orc knight
 12953 | Bailey   | Noticed an orc knight
 12953 | Bailey   | Banished an orc knight
 12954 | Bailey   | Banished an orc knight
 12954 | Bailey   | Reached skill level 10 in Long Blades
 12954 | Bailey   | Noticed an orc knight
 12955 | Bailey   | Banished an orc knight
 12973 | Bailey   | Banished an orc knight
 12973 | Bailey   | Reached XP level 11. HP: 87/87 MP: 6/17
 12979 | Bailey   | Noticed an orc knight
 13000 | Bailey   | Banished an orc knight
 13158 | Bailey   | Noticed an orc knight
 13161 | Bailey   | Banished an orc knight
 13514 | Bailey   | Noticed an orc knight
 13518 | Bailey   | Banished an orc knight
 13518 | Bailey   | Reached skill level 11 in Long Blades
 15056 | D:9      | Noticed a two-headed ogre
 15059 | D:9      | Banished a two-headed ogre
 15152 | D:9      | Noticed Erolcha
 15153 | D:9      | Cast into level 1 of the Abyss (Erolcha)
 15153 | Abyss:1  | Found a corrupted altar of Lugonu.
 15230 | Abyss:1  | Noticed a starcursed mass
 15232 | D:9      | Escaped the Abyss
 15243 | D:9      | Splashed by Erolcha's acid

Illustrated notes

Levels and vault maps discovered:
D:1:      heliophobic_arrival_battle_scene, layout_basic,
          chequers_serial_rivers_small_a, okawaru_ov_weapons_minmay
D:2:      layout_rooms, marbit_many_paths
D:3:      minmay_general_purpose_star, layout_rooms
D:4:      layout_basic, kennysheep_nub, nicolae_dithmenos_shadow_blocks
D:5:      layout_loops_ring, serial_shops, nicolae_shop_waterfront,
          ebering_ghost_sewer_d, first_ration, uniq_sigmund
D:6:      layout_basic, basic_altar, minmay_misc_feat_secret_circle,
          st_stairs_12, uniq_crazy_yiuf_cottage, uniq_pikel
D:7:      layout_gridville, minmay_temple_entry_offerings, serial_shops, shop,
          nicolae_ossuary_entry_catacombs
D:8:      layout_cave_pods, serial_undead, serial_undead_b, serial_undead_c,
          serial_undead_b, serial_undead_f, enter_bailey_6
D:9:      layout_irregular_city, serial_rivers, chequers_serial_rivers_small_a,
          chequers_serial_rivers_large_a, chequers_serial_rivers_small_a,
          chequers_serial_rivers_micro_b, chequers_serial_rivers_small_3,
          uniq_joseph, uniq_erolcha

Skill      XL: |  1  2  3  4  5  6  7  8  9 10 11 |
---------------+----------------------------------+-----
Long Blades    | 3 4 5 6 7 8 10 11 | 11.3
Fighting       | 4 5 6 7 8 9 |  9.3
Armour         | 3 4 5 |  5.1
Invocations    | 3 5 6 8 9 |  9.1
Shields        | 3 6 7 |  7.3
Dodging        | |  0.8

Action                   |  1- 3 |  4- 6 |  7- 9 | 10-12 || total
-------------------------+-------+-------+-------+-------++-------
Melee: Falchion          |    63 |   172 |   576 |   279 ||  1090
 Fire: Hunting sling     |       |    33 |   139 |   188 ||   360
Throw: Javelin           |     2 |     5 |       |       ||     7
Invok: Depart the Abyss  |     1 |       |       |     1 ||     2
       Bend Space        |       |     1 |       |       ||     1
       Banish            |       |       |       |    15 ||    15
 Abil: Dig               |       |     1 |     1 |     2 ||     4
  Use: Potion            |     2 |       |     4 |     3 ||     9
       Scroll            |       |     7 |     5 |     5 ||    17
 Stab: Invisible         |       |       |     3 |     6 ||     9
  Eat: Ration            |     1 |     3 |     5 |     4 ||    13
Armor: Leather armour    |     3 |       |       |       ||     3
       Ring mail         |    21 |    63 |    26 |       ||   110
       Scale mail        |       |       |   133 |     4 ||   137
       Chain mail        |       |       |       |   102 ||   102
       Plate armour      |       |       |       |    80 ||    80
Dodge: Dodged            |    32 |    95 |   155 |    89 ||   371
Block: Kite shield       |       |       |   167 |   275 ||   442
       Rpst.: Falchion   |    15 |    30 |    33 |    11 ||    89

Table legend:
 A = Non-vault XP
 B = Vault XP
 C = Vault XP percentage of total XP
 D = Non-vault monster count
 E = Vault monster count
 F = Vault count percentage of total count
                 A         B        C        D         E       F
            +---------+---------+-------+---------+---------+-------
      Total |    4994 |    7250 |  59.2 |     182 |      95 |  34.3
            +---------+---------+-------+---------+---------+-------
        D:1 |      45 |       0 |   0.0 |      17 |       0 |   0.0
        D:2 |     113 |       1 |   0.9 |      22 |       1 |   4.3
        D:3 |     108 |       0 |   0.0 |      14 |       0 |   0.0
        D:4 |     423 |       0 |   0.0 |      18 |       0 |   0.0
        D:5 |     484 |     208 |  30.1 |      21 |       1 |   4.5
        D:6 |     747 |     758 |  50.4 |      30 |       3 |   9.1
        D:7 |    1276 |     314 |  19.7 |      37 |      11 |  22.9
        D:8 |     687 |     292 |  29.8 |      18 |       7 |  28.0
        D:9 |    1111 |       0 |   0.0 |       5 |       0 |   0.0
    Ossuary |       0 |     253 | 100.0 |       0 |      32 | 100.0
     Bailey |       0 |    5424 | 100.0 |       0 |      40 | 100.0
            +---------+---------+-------+---------+---------+-------
